 Dungeon Crawl Stone Soup version 0.20-a0-204-ge9bc5e3 (webtiles) character file.

86 Faca the Shield-Bearer (level 4, -3/35 HPs)
             Began as a Formicid Fighter on Nov 24, 2016.
             Slain by an ogre
             ... wielding a +0 giant spiked club
              (14 damage)
             ... on level 3 of the Dungeon.
             The game lasted 00:04:32 (2062 turns).

Faca the Shield-Bearer (Formicid Fighter)           Turns: 2062, Time: 00:04:33

Health: -3/35      AC:  7    Str: 21    XL:     4   Next: 77%
Magic:  4/4        EV:  8    Int:  7    God:
Gold:   141        SH:  9    Dex: 11    Spells: 3/3 levels left

rFire  . . .     SeeInvis +     a - +0 war axe
rCold  . . .     Gourm    .     b - +0 scale mail
rNeg   . . .     Faith    .     c - +0 shield
rPois  .         Spirit   .     (helmet unavailable)
rElec  .         Reflect  .     (no cloak)
rCorr  .         Harm     .     (no gloves)
MR     .....                    (no boots)
Stlth  ..........               (no amulet)
                                k - ring of teleportation (curse)
                                (no ring)

@: no status effects
A: permanent stasis, dig shafts and tunnels, four strong arms, antennae 3
a: Dig, Shaft Self


You were on level 3 of the Dungeon.
You were not hungry.

You visited 1 branch of the dungeon, and saw 3 of its levels.

You collected 141 gold pieces.

Inventory:

Hand Weapons
 a - a +0 war axe (weapon)
Armour
 b - a +0 scale mail (worn)
 c - a +0 shield (worn)
Jewellery
 k - a cursed ring of teleportation (right hand)
Scrolls
 h - 7 scrolls of identify
Potions
 d - 2 potions of might
 e - 2 potions of heal wounds
 g - a potion of cure mutation {unknown}
Comestibles
 f - 3 bread rations


   Skills:
 + Level 3.5 Fighting
 + Level 2.8 Axes
 + Level 4.0 Armour
 + Level 1.0 Dodging
 + Level 0.3 Stealth
 + Level 4.3 Shields


You had 3 spell levels left.
You didn't know any spells.

Dungeon Overview and Level Annotations

Branches:
Dungeon (3/15)

Altars:


Innate Abilities, Weirdness & Mutations

You cannot be hasted, slowed, berserked, paralysed or teleported.
You can dig through walls and to a lower floor.
Your four strong arms can wield two-handed weapons with a shield.
You have a pair of large antennae on your head. (SInv)


Message History

You block the goblin's attack.
You hit the goblin.
You kill the goblin!
Your Dodging skill increases to level 1!
The goblin closely misses you.
A goblin comes into view.
You completely miss the goblin. You slash the goblin!
You kill the goblin!
You slash the goblin!
You kill the goblin!
The goblin moves out of view.
The ogre hits you with a giant spiked club!!
Ouch! That really hurt!
You slash the ogre!
The ogre is moderately wounded.
You hit the ogre.
The ogre is moderately wounded.
The ogre hits you with a giant spiked club!
You die...

.# #.# #.#
#.# ####
..#
#..%##.#
#.(gO).#
{{#@.####
##<....#
#...##.#
#.####.#
#.# #.#
#.####.#
#####
#......#
...#
#.######
#####.###.#


You could see an ogre and a goblin.

Vanquished Creatures
  3 adders (D:2)
  A worm (D:2)
  2 dart slugs
  2 leopard geckos
  2 orcs (D:3)
  4 giant cockroaches
  9 goblins
  5 hobgoblins
  4 kobolds
  A quokka (D:2)
  4 bats
  7 frilled lizards
  3 rats (D:1)
47 creatures vanquished.

Notes
Turn   | Place    | Note
-------+----------+-------------------------------------------
     0 | D:1      | Faca the Formicid Fighter began the quest for the Orb.
     0 | D:1      | Reached XP level 1. HP: 18/18 MP: 1/1
   159 | D:1      | Reached XP level 2. HP: 19/24 MP: 2/2
   753 | D:1      | Reached XP level 3. HP: 29/29 MP: 3/3
  1280 | D:2      | Found a faded altar of an unknown god.
  1288 | D:2      | Reached XP level 4. HP: 35/35 MP: 4/4
  2053 | D:3      | Noticed an ogre
  2058 | D:3      | Reached skill level 1 in Dodging
  2062 | D:3      | Slain by an ogre

Vault maps used:
D:1:      sevenhm_arrival_forest_fort_large_1
D:2:      cheibrodos_helix_gallery, chequers_ecumenical_altar_island
D:3:      first_bread, minmay_ogre_servants

Skill      XL: |  1  2  3  4 |
---------------+-------------+-----
Shields        | 4 |  4.3
Armour         | 4 |  4.0
Dodging        | 1 |  1.0
Fighting       | |  3.5
Axes           | |  2.8
Stealth        | |  0.3

Action                   |  1- 3 |  4- 6 || total
-------------------------+-------+-------++-------
Melee: War axe           |   104 |    50 ||   154
  Use: Scroll            |     5 |     1 ||     6
       Potion            |     1 |     2 ||     3
  Eat: Beef jerky        |     1 |       ||     1
       Bread ration      |       |     1 ||     1
       Pizza             |       |     1 ||     1
Armor: Scale mail        |    58 |    15 ||    73
Dodge: Dodged            |    48 |    12 ||    60
Block: Shield            |    72 |    22 ||    94
